 Dungeon Crawl Stone Soup version 0.27.0-1-g7a089689b8 (webtiles) character file.

Game seed: 10474703901882538677

25130 lmSkywalker the Covert (level 13, -2/104 HPs)
             Began as a Gnoll Delver on Aug 3, 2021.
             Was an Elder of Qazlal.
             Slain by a deep elf knight (8 damage)
             ... on level 13 of the Dungeon on Aug 4, 2021.
             The game lasted 01:15:33 (20958 turns).

lmSkywalker the Covert (Gnoll Delver)              Turns: 20958, Time: 01:15:33

Health: -2/104     AC: 20    Str: 23    XL:     13   Next: 17%
Magic:  25/25      EV: 12    Int: 12    God:    Qazlal [****..]
Gold:   781        SH:  5    Dex: 13    Spells: 28/28 levels left

rFire    . . .     SeeInvis .   v - +3 hunting sling "Ceimp" {venom, Str+4}
rCold    . . .     Faith    +   (no shield)
rNeg     + . .     Spirit   .   q - +4 chain mail {rN+}
rPois    +         Reflect  .   H - +0 helmet of Silly Surprise {Str+4}
rElec    .         Harm     .   R - +1 cloak {rPois}
rCorr    +         Rampage  .   j - +0 pair of gloves
Will     .....                  (no boots)
Stlth    +.........             F - amulet of faith
HPRegen  0.27/turn              J - ring of poison resistance
MPRegen  0.19/turn              P - ring of resist corrosion

@: mighty, repel missiles
A: fangs 1, strong nose, distributed training
a: Renounce Religion, Upheaval, Elemental Force


You were on level 13 of the Dungeon.
You worshipped Qazlal.
Qazlal was greatly pleased with you.
You visited 1 branch of the dungeon, and saw 13 of its levels.
You also visited: Bailey.

You collected 811 gold pieces.
You spent 30 gold pieces at shops.

Inventory:

Hand Weapons
 v - the +3 hunting sling "Ceimp" (weapon) {venom, Str+4}
   (You found it on level 4 of the Dungeon)

   Any ammunition fired from it poisons the flesh of those it strikes.
   Str:       It affects your strength (+4).
 N - a +3 flail of freezing
Missiles
 h - 229 stones (quivered ammo)
 k - 15 curare-tipped darts
 p - a throwing net
 w - 22 javelins
 y - 51 sling bullets
 G - 184 arrows
Armour
 j - a +0 pair of gloves (worn)
 q - a +4 chain mail of positive energy (worn)
 H - the +0 helmet of Silly Surprise (worn) {Str+4}
   (You found it on level 6 of the Dungeon)

   Str:       It affects your strength (+4).
 R - a +1 cloak of poison resistance (worn)
Jewellery
 d - an amulet of reflection
 F - an amulet of faith (around neck)
 J - a ring of poison resistance (left hand)
 P - a ring of resist corrosion (right hand)
Wands
 g - a wand of digging (3)
 r - a wand of flame (14)
 x - a wand of paralysis (5)
 D - a wand of iceblast (19)
 L - a wand of charming (4)
Scrolls
 a - 3 scrolls of enchant armour
 c - 2 scrolls of fog
 e - a scroll of fear
 i - 7 scrolls of noise
 m - 3 scrolls of enchant weapon
 t - 2 scrolls of amnesia
 u - a scroll of summoning
 B - 2 scrolls of teleportation
 C - a scroll of immolation
 K - a scroll of magic mapping
 O - a scroll of silence
Potions
 b - 2 potions of ambrosia {unknown}
 f - 4 potions of haste
 l - 3 potions of brilliance
 n - 2 potions of might
 o - 8 potions of flight
 s - a potion of degeneration {unknown}
 z - 3 potions of cancellation
 A - 3 potions of mutation
 E - 4 potions of curing
 I - 2 potions of lignification
 M - a potion of magic {unknown}
 Q - a potion of attraction {unknown}


   Skills:
 + Level 10.3 Fighting
 + Level 8.0 Short Blades
 + Level 8.0 Long Blades
 + Level 9.3 Axes
 + Level 8.0 Maces & Flails
 + Level 8.0 Polearms
 + Level 8.0 Staves
 + Level 8.0 Slings
 + Level 8.0 Bows
 + Level 8.0 Crossbows
 + Level 8.0 Throwing
 + Level 8.0 Armour
 + Level 9.3 Dodging
 + Level 12.1 Stealth
 + Level 8.0 Shields
 + Level 8.0 Unarmed Combat
 + Level 8.0 Spellcasting
 + Level 6.7 Conjurations
 + Level 6.7 Hexes
 + Level 6.7 Summonings
 + Level 6.7 Necromancy
 + Level 6.7 Translocations
 + Level 6.7 Transmutations
 + Level 6.7 Fire Magic
 + Level 6.7 Ice Magic
 + Level 6.7 Air Magic
 + Level 6.7 Earth Magic
 + Level 6.7 Poison Magic
 + Level 8.8 Invocations
 + Level 8.0 Evocations


You had 28 spell levels left.
You didn't know any spells.
Your spell library contained the following spells:

 Spells                   Type           Power      Damage    Failure   Level
 Sandblast                Erth           40%        2d10      6%          1
 Shock                    Conj/Air       80%        1d8       6%          1
 Passwall                 Tmut/Erth      16%        N/A       9%          2
 Slow                     Hex            20%        N/A       9%          2
 Sublimation of Blood     Necr           10%        N/A       9%          2
 Confusing Touch          Hex            20%        N/A       17%         3
 Gell's Gravitas          Tloc           10%        N/A       17%         3
 Swiftness                Air            20%        N/A       17%         3
 Teleport Other           Tloc           20%        N/A       17%         3
 Vampiric Draining        Necr           10%        2d7       17%         3
 Airstrike                Air            10%        N/A       50%         4
 Petrify                  Tmut/Erth      20%        N/A       50%         4
 Irradiate                Conj/Tmut      10%        3d17      85%         5
 Lee's Rapid Deconstruct  Erth           10%        3d9*      85%         5
 Dispersal                Tloc           10%        N/A       100%        6


Dungeon Overview and Level Annotations

Branches:
Dungeon (13/15)            Temple (0/1) D:4            Lair (0/6) D:11
 Bailey (visited)
    Orc: D:9-12      Vaults: D:13-14

Altars:
Ashenzari
Hepliaklqana
Nemelex Xobeh
Qazlal
Sif Muna
Trog
Zin

Shops:
D:5 ?   D:7 *

Annotations:
D:3 1 runed translucent door, Crazy Yiuf, Sigmund
D:11 3 runed translucent doors, exclusion: 2 doors, Pupilyir's ghost, journeyman MiBe


Innate Abilities, Weirdness & Mutations

You have very sharp teeth.
Your uncanny sense of smell can sniff out nearby items.
Your experience applies equally to all skills.


Message History

Fire: 237 stones
Press: ? - help, Q - select action, (/) - cycle Shift-Dir - straight line You shoot a stone.
You hear some strange, mumbled words.
A shard of ice appears from out of thin air!
You block the shard of ice.
Fire: 236 stones
Press: ? - help, Q - select action, (/) - cycle Shift-Dir - straight line You shoot a stone.
Something hits you but does no damage.
Fire: 235 stones
Press: ? - help, Q - select action, (/) - cycle Shift-Dir - straight line You shoot a stone.
Something hits you but does no damage.
Fire: 234 stones
Press: ? - help, Q - select action, (/) - cycle Shift-Dir - straight line You shoot a stone.
Something hits you.
Fire: 233 stones
Press: ? - help, Q - select action, (/) - cycle Shift-Dir - straight line You shoot a stone.
Something hits you!
Fire: 232 stones
Press: ? - help, Q - select action, (/) - cycle Shift-Dir - straight line You shoot a stone.
Something hits you. Something hits you!
* * * LOW HITPOINT WARNING * * *
Fire: 231 stones
Press: ? - help, Q - select action, (/) - cycle Shift-Dir - straight line You shoot a stone.
Something hits you but does no damage.
You feel very mighty all of a sudden. Something hits you!
* * * LOW HITPOINT WARNING * * *
Fire: 230 stones
Press: ? - help, Q - select action, (/) - cycle Shift-Dir - straight line You shoot a stone.
You hear an angry hiss.
Something barely misses you. Something hits you!
You die...

* #.#...!...,,,,, *
#.#...^.,,,,,,, *
######.#...#***,,,,,
**#****#######..........####..,,,
*,..,,,......................#***
**##.#########...........#####**
,,..................##..##,,,,,*
*,#.......#########.##.##,#######
,,...#...(((.(.{@.#.##.##+#####^#
,,,,,#.##.######.##.#).##.......#
,,,,,#,,#.# #.<#.#..##..._.).#
,,,,,**,#.# #.)#.#...##.....##
*,,,,**,#.######..#.#...###...###
#,,*,**,#....)....#,#...........#
#∆,,,**,#########.#,#...###.#####
#,,,,**,* #.#,#....,..# *
#,,*,**,* #.#,#########****


There were no monsters in sight!

Vanquished Creatures
  2 hydras (D:11)
  4 boulder beetles
  Harold (D:8)
  4 two-headed ogres
  A deep elf knight (D:13)
  Sonja (D:10)
  Pikel (D:8)
  A deep elf zephyrmancer (D:13)
  3 deep elf pyromancers
  A manticore (D:12)
  5 cyclopes
  2 ugly things
  A gargoyle (D:11)
  2 komodo dragons
  A tengu conjurer (D:9)
  A polar bear (shapeshifter) (D:9)
  3 trolls
  Grinder (D:3)
  13 yaks
  A shadow (D:10)
  Eustachio (D:5)
  2 wraiths (D:12)
  3 vampire mosquitoes
  2 steam dragons (D:6)
  Menkaure (D:5)
  Edmund (D:4)
  Duvessa (D:5)
  3 water moccasins
  16 orc warriors
  A black bear (D:5)
  An ice beast (D:7)
  4 ogres
  13 centaurs
  A lemure (D:8)
  2 bullfrogs
  2 gnoll sergeants
  2 scorpions
  A wyvern skeleton (D:5)
  Dowan (D:5)
  8 wights
  A jelly (D:4)
  4 howler monkeys
  A bullfrog zombie (D:3)
  2 centaur zombies
  2 orc priests
  3 centaur skeletons
  3 hounds
  A gnoll shaman (D:5)
  Terence (D:2)
  Ijyb (D:3)
  An iguana (D:5)
  4 orc wizards
  A howler monkey zombie (D:7)
  15 gnolls
  9 adders
  2 white imps
  2 ufetubi
  A worm (D:2)
  2 dart slugs (D:4)
  44 orcs
  4 bats
  5 endoplasms
  7 giant cockroaches
  10 goblins
  9 hobgoblins
  12 jackals
  6 kobolds
  5 quokkas
  5 ball pythons
  9 frilled lizards
  5 rats
292 creatures vanquished.

Vanquished Creatures (collateral kills)
  Erica (D:11)
1 creature vanquished.

Vanquished Creatures (others)
  A fungus (D:3)
1 creature vanquished.

Grand Total: 294 creatures vanquished

Notes
Turn   | Place    | Note
-------+----------+-------------------------------------------
     0 | D:5      | Reached skill level 9 in Stealth
     0 | D:5      | lmSkywalker the Gnoll Delver began the quest for the Orb.
     0 | D:5      | Reached XP level 1. HP: 23/23 MP: 1/1
    21 | D:5      | Noticed a black bear
    28 | D:5      | Noticed a water moccasin
    35 | D:4      | Found a glowing silver altar of Zin.
    35 | D:4      | Noticed a jelly
    79 | D:4      | Noticed a hound
   135 | D:4      | Killed a hound
   136 | D:4      | Reached XP level 2. HP: 22/29 MP: 1/3
   136 | D:4      | Reached XP level 3. HP: 26/35 MP: 1/4
   236 | D:4      | Reached skill level 1 in Short Blades
   236 | D:4      | Reached skill level 1 in Long Blades
   236 | D:4      | Reached skill level 1 in Maces & Flails
   236 | D:4      | Reached skill level 1 in Polearms
   236 | D:4      | Reached skill level 1 in Staves
   236 | D:4      | Reached skill level 1 in Slings
   236 | D:4      | Reached skill level 1 in Bows
   236 | D:4      | Reached skill level 1 in Crossbows
   236 | D:4      | Reached skill level 1 in Throwing
   236 | D:4      | Reached skill level 1 in Armour
   236 | D:4      | Reached skill level 1 in Shields
   236 | D:4      | Reached skill level 1 in Unarmed Combat
   236 | D:4      | Reached skill level 1 in Spellcasting
   236 | D:4      | Reached skill level 1 in Invocations
   236 | D:4      | Reached skill level 1 in Evocations
   236 | D:4      | Reached XP level 4. HP: 24/41 MP: 5/5
   368 | D:4      | Found a stormy altar of Qazlal.
   376 | D:4      | Became a worshipper of Qazlal Stormbringer
   706 | D:2      | Reached skill level 1 in Conjurations
   706 | D:2      | Reached skill level 1 in Hexes
   706 | D:2      | Reached skill level 1 in Summonings
   706 | D:2      | Reached skill level 1 in Necromancy
   706 | D:2      | Reached skill level 1 in Translocations
   706 | D:2      | Reached skill level 1 in Transmutations
   706 | D:2      | Reached skill level 1 in Fire Magic
   706 | D:2      | Reached skill level 1 in Ice Magic
   706 | D:2      | Reached skill level 1 in Air Magic
   706 | D:2      | Reached skill level 1 in Earth Magic
   706 | D:2      | Reached skill level 1 in Poison Magic
  1047 | D:1      | Reached * piety under Qazlal
  1053 | D:1      | Reached XP level 5. HP: 43/47 MP: 6/6
  2126 | D:2      | Noticed Terence
  2167 | D:2      | Killed Terence
  2487 | D:3      | Noticed Sigmund
  2586 | D:3      | Reached XP level 6. HP: 53/53 MP: 8/8
  2917 | D:3      | Noticed Grinder
  2942 | D:3      | Paralysed by Grinder for 3 turns
  2950 | D:3      | Killed Grinder
  2951 | D:3      | Reached skill level 5 in Axes
  2951 | D:3      | Reached skill level 5 in Dodging
  2951 | D:3      | Reached XP level 7. HP: 43/59 MP: 8/10
  3522 | D:4      | Found a sparkling altar of Nemelex Xobeh.
  3551 | D:4      | Reached ** piety under Qazlal
  3566 | D:4      | Identified the +3 hunting sling "Ceimp" {venom, Str+4}
  3579 | D:4      | Found a staircase to the Ecumenical Temple.
  3723 | D:4      | You fall into a shaft and drop 2 floors!
  3930 | D:5      | Noticed Dowan
  3930 | D:5      | Noticed Duvessa
  3945 | D:5      | Killed Dowan
  4080 | D:5      | Killed Duvessa
  4086 | D:5      | Noticed Edmund
  4101 | D:4      | Killed Edmund
  4102 | D:4      | Reached skill level 10 in Stealth
  4356 | D:3      | Noticed Ijyb
  4360 | D:3      | Paralysed by Ijyb for 2 turns
  4367 | D:3      | Killed Ijyb
  4368 | D:3      | Reached XP level 8. HP: 67/67 MP: 12/12
  4645 | D:3      | Found a runed translucent door.
  4646 | D:3      | Noticed Crazy Yiuf
  5078 | D:5      | Found Gighiex's Magic Scroll Emporium.
  5086 | D:5      | Bought a scroll of identify for 30 gold pieces
  5096 | D:5      | Noticed Menkaure
  5100 | D:5      | Killed Menkaure
  5273 | D:5      | Noticed Eustachio
  5290 | D:5      | Killed Eustachio
  5291 | D:5      | Reached XP level 9. HP: 67/73 MP: 14/14
  5450 | D:5      | Found a hazy altar of Hepliaklqana.
  5598 | D:6      | Reached *** piety under Qazlal
  6646 | D:6      | Identified the +0 helmet of Silly Surprise {Str+4}
  6803 | D:6      | Noticed a komodo dragon
  6822 | D:6      | Killed a komodo dragon
  6823 | D:6      | Reached skill level 5 in Invocations
  7332 | D:7      | Found a flagged portal.
  7332 | D:7      | Noticed a deep elf pyromancer
  7340 | D:7      | Killed a deep elf pyromancer
  7341 | D:7      | Reached XP level 10. HP: 80/80 MP: 3/17
  7358 | Bailey   | Entered a bailey
  7671 | Bailey   | Reached skill level 5 in Short Blades
  7671 | Bailey   | Reached skill level 5 in Long Blades
  7671 | Bailey   | Reached skill level 5 in Maces & Flails
  7671 | Bailey   | Reached skill level 5 in Polearms
  7671 | Bailey   | Reached skill level 5 in Staves
  7671 | Bailey   | Reached skill level 5 in Slings
  7671 | Bailey   | Reached skill level 5 in Bows
  7671 | Bailey   | Reached skill level 5 in Crossbows
  7671 | Bailey   | Reached skill level 5 in Throwing
  7671 | Bailey   | Reached skill level 5 in Armour
  7671 | Bailey   | Reached skill level 5 in Shields
  7671 | Bailey   | Reached skill level 5 in Unarmed Combat
  7671 | Bailey   | Reached skill level 5 in Spellcasting
  7671 | Bailey   | Reached skill level 5 in Evocations
 11597 | D:7      | Found Giatetacek's Assorted Antiques.
 11741 | D:7      | Found a broken altar of Ashenzari.
 11749 | D:7      | Noticed a two-headed ogre
 12116 | D:8      | Noticed Harold
 12129 | D:8      | Killed Harold
 12130 | D:8      | Reached skill level 11 in Stealth
 12177 | D:7      | Killed a two-headed ogre
 12178 | D:7      | Reached XP level 11. HP: 73/87 MP: 19/19
 12774 | D:8      | Reached **** piety under Qazlal
 13182 | D:8      | Noticed Pikel
 13194 | D:8      | Killed Pikel
 13195 | D:8      | Reached skill level 5 in Conjurations
 13195 | D:8      | Reached skill level 5 in Hexes
 13195 | D:8      | Reached skill level 5 in Summonings
 13195 | D:8      | Reached skill level 5 in Necromancy
 13195 | D:8      | Reached skill level 5 in Translocations
 13195 | D:8      | Reached skill level 5 in Transmutations
 13195 | D:8      | Reached skill level 5 in Fire Magic
 13195 | D:8      | Reached skill level 5 in Ice Magic
 13195 | D:8      | Reached skill level 5 in Air Magic
 13195 | D:8      | Reached skill level 5 in Earth Magic
 13195 | D:8      | Reached skill level 5 in Poison Magic
 13371 | D:8      | Found a shimmering blue altar of Sif Muna.
 13679 | D:9      | Noticed a boulder beetle
 13695 | D:9      | Killed a boulder beetle
 15163 | D:10     | Entered Level 10 of the Dungeon
 16324 | D:10     | Noticed Sonja
 16329 | D:10     | Killed Sonja
 16565 | D:10     | Reached XP level 12. HP: 96/96 MP: 22/22
 16967 | D:11     | Noticed Erica
 16970 | D:11     | Killed Erica
 17032 | D:11     | Found a staircase to the Lair.
 17038 | D:11     | Noticed a boulder beetle
 17049 | D:11     | Killed a boulder beetle
 17474 | D:11     | Noticed a war gargoyle
 17499 | D:11     | Noticed a seven-headed hydra
 17514 | D:11     | Killed a seven-headed hydra
 17714 | D:11     | Noticed a two-headed ogre
 17859 | D:11     | Found a runed translucent gate.
 17859 | D:11     | Found a runed translucent gate.
 17861 | D:11     | Found a runed translucent gate.
 17864 | D:11     | Noticed Pupilyir's ghost (journeyman MiBe)
 17924 | D:11     | Noticed a four-headed hydra
 17933 | D:11     | Killed a four-headed hydra
 18148 | D:11     | Noticed a boulder beetle
 18159 | D:11     | Killed a boulder beetle
 18271 | D:11     | Killed a two-headed ogre
 18362 | D:11     | Reached skill level 10 in Fighting
 18494 | D:11     | Identified the +4 ring mail of Disappointment {Harm rC++
                  | MP+9 Str-4}
 18845 | D:12     | Noticed a two-headed ogre
 18908 | D:12     | Noticed a boulder beetle
 18966 | D:12     | Killed a two-headed ogre
 19531 | D:12     | Killed a boulder beetle
 19532 | D:12     | Reached skill level 12 in Stealth
 19877 | D:12     | Noticed a two-headed ogre
 19908 | D:12     | Killed a two-headed ogre
 19909 | D:12     | Reached XP level 13. HP: 70/103 MP: 24/24
 20517 | D:12     | You fall into a shaft and drop 1 floor!
 20523 | D:13     | Noticed a fire dragon
 20527 | D:13     | Found a bloodstained altar of Trog.
 20958 | D:13     | Slain by a deep elf knight

Illustrated notes

Levels and vault maps discovered:
D:1:      amcnicky_arrival_gap_in_the_tavern_cellar, layout_rooms
D:2:      layout_loops_ring, uniq_terence
D:3:      layout_basic, uniq_grinder, uniq_sigmund, uniq_ijyb,
          uniq_crazy_yiuf_cottage
D:4:      layout_basic, grunt_qazlal_sundering, zin_academy,
          nemelex_spade_bored_becter, minmay_temple_entry_mist
D:5:      layout_cave_pools, nzn_hepliaklqana_mist_gate, serial_shops, shop,
          uniq_menkaure, uniq_edmund, uniq_duvessa, uniq_eustachio
D:6:      cheibrodos_steamvent, layout_gridville, minmay_checkerbox
D:7:      wander_river, layout_rooms, nicolae_ashenzari_panopticon,
          enter_bailey_5, serial_shops, nicolae_shop_stone
D:8:      layout_loops_ring, mainiacjoe_overflow_alcove_4, uniq_pikel,
          uniq_harold
D:9:      layout_gridville, kb_rosetta
D:10:     layout_gridville, uniq_sonja
D:11:     layout_basic, lair_entry_dummy, gammafunk_ghost_split, uniq_erica
D:12:     layout_stronghold, orc_0_dummy
D:13:     minmay_elf_outpost, layout_basic, david_vaults_4, special_room
          [special_room_orc], hangedman_decor_peaks_small, trog_butcher_becter,
          uniq_erolcha, uniq_rupert

Skill      XL: |  1  2  3  4  5  6  7  8  9 10 11 12 13 |
---------------+----------------------------------------+-----
Stealth        | 10 11 12 | 12.1
Short Blades   | 1 2 3 4 5 6 7 8 |  8.0
Long Blades    | 1 2 3 4 5 6 7 8 |  8.0
Maces & Flails | 1 2 3 4 5 6 7 8 |  8.0
Polearms       | 1 2 3 4 5 6 7 8 |  8.0
Staves         | 1 2 3 4 5 6 7 8 |  8.0
Slings         | 1 2 3 4 5 6 7 8 |  8.0
Bows           | 1 2 3 4 5 6 7 8 |  8.0
Crossbows      | 1 2 3 4 5 6 7 8 |  8.0
Throwing       | 1 2 3 4 5 6 7 8 |  8.0
Armour         | 1 2 3 4 5 6 7 8 |  8.0
Shields        | 1 2 3 4 5 6 7 8 |  8.0
Unarmed Combat | 1 2 3 4 5 6 7 8 |  8.0
Spellcasting   | 1 2 3 4 5 6 7 8 |  8.0
Invocations    | 1 2 3 4 5 6 7 8 |  8.8
Evocations     | 1 2 3 4 5 6 7 8 |  8.0
Conjurations   | 1 2 3 4 5 6 |  6.7
Hexes          | 1 2 3 4 5 6 |  6.7
Summonings     | 1 2 3 4 5 6 |  6.7
Necromancy     | 1 2 3 4 5 6 |  6.7
Translocations | 1 2 3 4 5 6 |  6.7
Transmutations | 1 2 3 4 5 6 |  6.7
Fire Magic     | 1 2 3 4 5 6 |  6.7
Ice Magic      | 1 2 3 4 5 6 |  6.7
Air Magic      | 1 2 3 4 5 6 |  6.7
Earth Magic    | 1 2 3 4 5 6 |  6.7
Poison Magic   | 1 2 3 4 5 6 |  6.7
Axes           | 5 6 7 8 9 |  9.3
Dodging        | 5 6 7 8 9 |  9.3
Fighting       | 7 8 9 10 | 10.3

Action                   |  1- 3 |  4- 6 |  7- 9 | 10-12 | 13-15 || total
-------------------------+-------+-------+-------+-------+-------++-------
Melee: Hand axe          |    23 |   164 |    62 |       |       ||   249
       Bite              |     2 |    16 |     3 |       |       ||    21
       Punch             |       |     1 |     1 |       |       ||     2
       Hunting sling     |       |       |       |       |     1 ||     1
 Fire: Hunting sling     |       |    97 |   253 |   711 |    95 ||  1156
Throw: Dart              |       |     2 |     2 |    10 |       ||    14
       Throwing net      |       |       |       |     2 |       ||     2
Invok: Upheaval          |       |       |     4 |     4 |       ||     8
       Elemental Force   |       |       |       |     1 |       ||     1
Evoke: Wand              |       |       |       |     4 |       ||     4
  Use: Scroll            |     1 |       |     3 |    12 |     3 ||    19
       Potion            |       |     1 |       |       |     1 ||     2
 Stab: Distracted        |     1 |       |       |       |       ||     1
       Sleeping          |       |     3 |       |       |       ||     3
Armor: Leather armour    |     1 |    29 |       |       |       ||    30
       Chain mail        |       |    42 |   101 |   105 |    23 ||   271
Dodge: Dodged            |    19 |    81 |    68 |   128 |    10 ||   306
       Repelled          |       |       |       |     1 |     4 ||     5
Block: Other             |       |     5 |    22 |    50 |     5 ||    82
